 Dungeon Crawl Stone Soup version 0.29.1-1-gd02db6906a (webtiles) character file.

Game seed: 11025956391854909032

372 Aibolit the Cudgeller (level 6, -11/57 HPs)
             Began as a Minotaur Berserker on Sept 24, 2022.
             Was an Initiate of Okawaru.
             Mangled by a polar bear (23 damage)
             ... created by the rage of Trog
             ... on level 4 of the Dungeon.
             The game lasted 00:15:02 (2936 turns).

Aibolit the Cudgeller (Minotaur Berserker)          Turns: 2936, Time: 00:15:02

Health: -11/57     AC:  6    Str: 24      XL:     6   Next: 43%
Magic:  5/5        EV: 10    Int: 10      God:    Okawaru [......]
Gold:   85         SH:  0    Dex:  8 (9)  Spells: 5/5 levels left

rFire   . . .      SeeInvis .   i - +0 falchion (vorpal)
rCold   . . .      Faith    .   (no shield)
rNeg    . . .      Spirit   .   l - +0 scale mail
rPois   .          Reflect  .   (helmet restricted)
rElec   .          Harm     .   (no cloak)
rCorr   .          Rampage  .   (no gloves)
Will    .....                   (no boots)
Stlth   ..........              (no amulet)
HPRegen 0.19/turn               h - +6 ring of intelligence
MPRegen 0.09/turn               (no ring)

@: no status effects
A: horns 2, retaliatory headbutt
a: Renounce Religion


You were on level 4 of the Dungeon.
You worshipped Okawaru.
Okawaru was noncommittal.
You visited 1 branch of the dungeon, and saw 4 of its levels.

You collected 85 gold pieces.

Inventory:

Hand Weapons
 c - a +0 vorpal mace
 f - a +1 dagger of flaming
 i - a +0 vorpal falchion (weapon)
 j - a +2 flail of protection
Missiles
 e - 20 stones
 g - 18 poisoned darts
Armour
 b - a +0 troll leather armour {Pargi}
 l - a +0 scale mail (worn)
Jewellery
 h - a +6 ring of intelligence (left hand)
Scrolls
 d - a scroll of blinking
 m - a scroll of immolation {unknown}
Potions
 k - a potion of lignification {unknown}
 n - a potion of curing


   Skills:
 + Level 5.7 Fighting
 + Level 0.1 Long Blades
 + Level 6.5 Maces & Flails
 + Level 2.8 Armour
 + Level 3.5 Dodging
 + Level 0.8 Stealth


You had 5 spell levels left.
You didn't know any spells.
Your spell library contained the following spells:

 Spells                   Type           Power      Damage    Failure   Level
 Slow                     Hex            0%         N/A       67%         1
 Confusing Touch          Hex            0%         N/A       95%         3
 Conjure Flame            Conj/Fire      0%         6-21      95%         3
 Ignite Poison            Fire/Tmut/Pois 0%         N/A       95%         3
 Vampiric Draining        Necr           0%         2d6       95%         3
 Sticky Flame             Conj/Fire      0%         2d3       100%        4


Dungeon Overview and Level Annotations

Branches:
Dungeon (4/15)
 Temple: D:4-7

Altars:
Makhleb
Okawaru
Trog
The Shining One


Innate Abilities, Weirdness & Mutations

You have a pair of horns on your head.
You reflexively headbutt those who attack you in melee.


Message History

You kill the goblin!
Okawaru accepts your kill.
You barely miss the bullfrog.
The bullfrog is heavily wounded.
The goblin shouts!
The bullfrog closely misses you.
The bullfrog hits you but does no damage.
You hit the bullfrog.
The bullfrog is almost dead.
The bullfrog barely misses you. The bullfrog hits you. The goblin misses you.
You furiously retaliate!
You headbutt the goblin.
You kill the goblin!
Okawaru accepts your kill.
Trog sends monsters to punish you. 2 black bears and 4 polar bears come into view.
You closely miss the bullfrog.
You headbutt the bullfrog, but do no damage.
The bullfrog is almost dead.
The bullfrog hits you but does no damage. x2
You closely miss the bullfrog.
The bullfrog is almost dead.
The bullfrog hits you but does no damage.
The black bear closely misses you. You furiously retaliate!
You headbutt the black bear! The black bear barely misses you.
The black bear misses you. The black bear bites you!
The black bear claws you but does no damage.
The black bear barely misses you. The bullfrog closely misses you.
The polar bear closely misses you. The polar bear claws you.
The polar bear claws you but does no damage.
You barely miss the bullfrog.
You headbutt the bullfrog, but do no damage.
The bullfrog is almost dead.
The black bear bites you!
The black bear claws you but does no damage.
The black bear claws you.
* * * LOW HITPOINT WARNING * * *
The bullfrog hits you.
* * * LOW HITPOINT WARNING * * *
The polar bear bites you!!
You die...

..+#..# .#
#⌠_.'...# #.. #..
#.# ##⌠_.'...# .#.
#.# >###≈###.####
#.. #.# .# ###
#..... ..# #.#
.##.# ###... .##
#[......# #.#. ##
#.#h..... #.#. #..
#hFh.#.# #.#. ..
##@####.# #.## .#
. #.hh....######
#.## .##...###
#..h.........#
#... .........
#......#.....#
##.. .........
#....).......# #..
.........
...##....#.#.....#
#.. ###......
#.........#.....#
##. ###...###
######.##########
#. ........# #.#
#####.


You could see 4 polar bears, 2 black bears and a bullfrog.

Vanquished Creatures
  Pargi (D:3)
  An orc priest (D:3)
  A hound (D:3)
  A jelly (D:3)
  An orc wizard (D:4)
  An iguana (D:3)
  Robin (D:2)
  3 gnolls (D:4)
  3 adders
  A worm (D:3)
  7 orcs
  2 ball pythons
  A bat (D:1)
  5 endoplasms
  2 giant cockroaches
  18 goblins
  7 hobgoblins
  4 jackals (D:1)
  2 kobolds
  2 rats
64 creatures vanquished.

Notes
Turn   | Place    | Note
-------+----------+-------------------------------------------
     0 | D:1      | Aibolit the Minotaur Berserker began the quest for the Orb.
     0 | D:1      | Reached XP level 1. HP: 19/19 MP: 0/0
    27 | D:1      | Reached XP level 2. HP: 9/27 MP: 1/1
    33 | D:1      | Reached skill level 4 in Maces & Flails
   271 | D:1      | You fall into a shaft and drop 1 floor!
   272 | D:2      | Noticed Robin
   286 | D:2      | Killed Robin
   289 | D:2      | Reached XP level 3. HP: 17/33 MP: 2/2
  1226 | D:3      | Reached skill level 5 in Maces & Flails
  1226 | D:3      | Reached XP level 4. HP: 27/41 MP: 3/3
  1641 | D:3      | Reached XP level 5. HP: 47/47 MP: 4/4
  1663 | D:3      | Reached ** piety under Trog
  1668 | D:3      | Noticed Pargi
  1696 | D:3      | Killed Pargi
  1697 | D:3      | Reached skill level 5 in Fighting
  1697 | D:3      | Reached skill level 6 in Maces & Flails
  2032 | D:3      | Found an iron altar of Okawaru.
  2037 | D:3      | Fell from the grace of Trog
  2037 | D:3      | Became a worshipper of Warmaster Okawaru
  2083 | D:3      | Reached XP level 6. HP: 54/56 MP: 5/5
  2447 | D:4      | Found a glowing golden altar of the Shining One.
  2853 | D:4      | Found a bloodstained altar of Trog.
  2853 | D:4      | Found a burning altar of Makhleb.
  2934 | D:4      | Noticed a polar bear
  2934 | D:4      | Noticed a polar bear
  2934 | D:4      | Noticed a polar bear
  2934 | D:4      | Noticed a polar bear
  2936 | D:4      | Mangled by a polar bear

Illustrated notes

Levels and vault maps discovered:
D:1:      evilmike_arrival_hilbert_curve, layout_loops_ring
D:2:      layout_basic, shapermc_ecumenical_altar_starsandcircs,
          serial_co_window_serial, co_window_corner_a, co_window_paths_a,
          co_window_paths_a, co_window_paths_a, co_window_paths_a,
          co_window_paths_a, co_window_paths_c, co_window_cross_3,
          co_window_corner_b, co_window_4corner_b, glass_columns_a,
          kennysheep_minor_cross, uniq_robin
D:3:      layout_basic, overflow_temple_1_default, uniq_pargi
D:4:      layout_loops_cross, tso_metal_star, gammafunk_temple_overflow_wave

Skill      XL: |  1  2  3  4  5 |
---------------+----------------+-----
Fighting       | 4 5 |  5.7
Maces & Flails | 4 5 6 |  6.5
Dodging        | 3 |  3.5
Long Blades    | |  0.1
Armour         | |  2.8
Stealth        | |  0.8

Action                   |  1- 3 |  4- 6 || total
-------------------------+-------+-------++-------
Melee: Mace              |    46 |    58 ||   104
       Headbutt          |     3 |    17 ||    20
       Falchion          |       |    55 ||    55
       Punch             |       |     1 ||     1
Invok: Berserk           |     3 |     1 ||     4
  Use: Potion            |     4 |     3 ||     7
       Scroll            |     1 |     2 ||     3
Armor: Animal skin       |     8 |       ||     8
       Leather armour    |       |    14 ||    14
       Scale mail        |       |    19 ||    19
       Troll leather arm |       |    10 ||    10
Dodge: Dodged            |    33 |    95 ||   128
